TOP OF THE 1ST |
Augusta GreenJackets batting - Pitching for Lakewood BlueClaws : RHP Joe Morse
|
Pitching: RHP Joe Morse
|
|
Batting: RHB Leon Alders
|
0-0: Swinging Strike 0-1: Ground out U3 (Groundball, 34S, EV 86.9 MPH)
|
Batting: LHB Oscar Tamayo
|
0-0: Called Strike 0-1: Swinging Strike 0-2: Ball 1-2: Strikes out looking
|
Batting: RHB Frank Pena
|
0-0: SINGLE (Groundball, 5D, EV 104.4 MPH)
|
Batting: LHB Sam Ogg
|
0-0: Called Strike 0-1: Foul Ball, location: 2F 0-2: Ball 1-2: Ball 2-2: Fly out, F8 (Flyball, 8RM, EV 87.5 MPH)
|
Top of the 1st over - 0 runs, 1 hit, 0 errors, 1 left on base; Augusta 0 - Lakewood 0 |
BOTTOM OF THE 1ST |
Lakewood BlueClaws batting - Pitching for Augusta GreenJackets : RHP Eddie Rojo
|
Pitching: RHP Eddie Rojo
|
|
Batting: LHB Jonathan Roman
|
0-0: Ball 1-0: SINGLE (Groundball, 6MD, EV 105.6 MPH)
|
Batting: LHB Matt Urbanek
|
0-0: Ball Pickoff Play to 1st, Runner tries for 2nd, OUT after rundown. 1-0: Foul Ball, location: 2F 1-1: Called Strike 1-2: Ball 2-2: SINGLE (Line Drive, 5D, EV 97.5 MPH)
|
Batting: RHB Alan Weller
|
0-0: Called Strike Matt Urbanek is caught stealing 2nd base 2-4 0-1: Ball 1-1: Ball 2-1: Foul Ball, location: 2F 2-2: Strikes out swinging
|
Bottom of the 1st over - 0 runs, 2 hits, 0 errors, 0 left on base; Augusta 0 - Lakewood 0 |
TOP OF THE 2ND |
Augusta GreenJackets batting - Pitching for Lakewood BlueClaws : RHP Joe Morse
|
Batting: RHB Jonathan Davis
|
0-0: Ball 1-0: Ball 2-0: Ball 3-0: Ground out 6-3 (Groundball, 6, EV 88.1 MPH)
|
Batting: LHB Bruce Arvizu
|
0-0: Ball 1-0: Ball 2-0: Fly out, F2 (Popup, 15S, EV 81.9 MPH)
|
Batting: RHB Aaron Burress
|
0-0: Called Strike 0-1: Called Strike 0-2: Strikes out swinging
|
Top of the 2nd over - 0 runs, 0 hits, 0 errors, 0 left on base; Augusta 0 - Lakewood 0 |
BOTTOM OF THE 2ND |
Lakewood BlueClaws batting - Pitching for Augusta GreenJackets : RHP Eddie Rojo
|
Batting: SHB Brett St. Clair
|
0-0: Ball 1-0: Ball 2-0: Ball 3-0: Called Strike 3-1: Fly out, F6 (Popup, 6MD, EV 70.6 MPH)
|
Batting: RHB Mike Maserang
|
0-0: Ball 1-0: Ball 2-0: Swinging Strike 2-1: Called Strike 2-2: Strikes out swinging
|
Batting: SHB Steve DeRienzo
|
0-0: Ball 1-0: Foul Ball, location: 2F 1-1: Foul Ball, location: 2F 1-2: Foul Ball, location: 2F 1-2: Ball 2-2: Strikes out looking
|
Bottom of the 2nd over - 0 runs, 0 hits, 0 errors, 0 left on base; Augusta 0 - Lakewood 0 |
TOP OF THE 3RD |
Augusta GreenJackets batting - Pitching for Lakewood BlueClaws : RHP Joe Morse
|
Batting: RHB Gary Sampson
|
0-0: Called Strike 0-1: Called Strike 0-2: Ball 1-2: Foul Ball, location: 2F 1-2: Ball 2-2: Foul Ball, location: 2F 2-2: Ground out 5-3 (Groundball, 56, EV 108.1 MPH)
|
Batting: RHB Ian Richardson
|
0-0: Foul Ball, location: 2F 0-1: Called Strike 0-2: Foul Ball, location: 2F 0-2: Strikes out swinging
|
Batting: RHB Leon Alders
|
0-0: Ground out 6-3 (Groundball, 6, EV 99.4 MPH)
|
Top of the 3rd over - 0 runs, 0 hits, 0 errors, 0 left on base; Augusta 0 - Lakewood 0 |
BOTTOM OF THE 3RD |
Lakewood BlueClaws batting - Pitching for Augusta GreenJackets : RHP Eddie Rojo
|
Batting: LHB Eric Farren
|
0-0: Ground out 5-3 (Groundball, 56, EV 80.0 MPH)
|
Batting: RHB Juan Valadez
|
0-0: Swinging Strike 0-1: Fly out, F9 (Flyball, 9LS, EV 88.1 MPH)
|
Batting: RHB Trent Hedrick
|
0-0: Called Strike 0-1: Ground out 5-3 (Groundball, 56, EV 103.1 MPH)
|
Bottom of the 3rd over - 0 runs, 0 hits, 0 errors, 0 left on base; Augusta 0 - Lakewood 0 |
TOP OF THE 4TH |
Augusta GreenJackets batting - Pitching for Lakewood BlueClaws : RHP Joe Morse
|
Batting: LHB Oscar Tamayo
|
0-0: Called Strike 0-1: Ball 1-1: Ball 2-1: Ball 3-1: SINGLE (Groundball, 4D, EV 96.2 MPH)
|
Batting: RHB Frank Pena
|
0-0: Grounds into double play, 2-4-3 (Groundball, 2L, EV 69.4 MPH)
|
Batting: LHB Sam Ogg
|
0-0: Called Strike 0-1: Foul Ball, location: 2F 0-2: Ball 1-2: Ball 2-2: Ball 3-2: Strikes out swinging
|
Top of the 4th over - 0 runs, 1 hit, 0 errors, 0 left on base; Augusta 0 - Lakewood 0 |
BOTTOM OF THE 4TH |
Lakewood BlueClaws batting - Pitching for Augusta GreenJackets : RHP Eddie Rojo
|
Batting: LHB Jonathan Roman
|
0-0: Called Strike 0-1: Ball 1-1: Ground out 4-3 (Groundball, 4, EV 90.6 MPH)
|
Batting: LHB Matt Urbanek
|
0-0: Called Strike 0-1: Ball 1-1: Foul Ball, location: 2F 1-2: Foul Ball, location: 2F 1-2: Ball 2-2: Ground out 4-3 (Groundball, 4MS, EV 71.9 MPH)
|
Batting: RHB Alan Weller
|
0-0: Ball 1-0: Fly out, F4 (Popup, 23, EV 87.5 MPH)
|
Bottom of the 4th over - 0 runs, 0 hits, 0 errors, 0 left on base; Augusta 0 - Lakewood 0 |
TOP OF THE 5TH |
Augusta GreenJackets batting - Pitching for Lakewood BlueClaws : RHP Joe Morse
|
Batting: RHB Jonathan Davis
|
0-0: Fly out, F8 (Line Drive, 8LS, EV 101.2 MPH)
|
Batting: LHB Bruce Arvizu
|
0-0: Ball 1-0: Called Strike 1-1: Ball 2-1: Foul Ball, location: 2F 2-2: Foul Ball, location: 2F 2-2: SINGLE (Groundball, 6MD, EV 103.1 MPH)
|
Batting: RHB Aaron Burress
|
0-0: Swinging Strike 0-1: Called Strike 0-2: Ball 1-2: Ball 2-2: Foul Ball, location: 2F 2-2: Ball 3-2: Foul Ball, location: 2F 3-2: Foul Ball, location: 2F 3-2: Foul Ball, location: 2F 3-2: Foul Ball, location: 2F 3-2: SINGLE (Line Drive, 56D, EV 95.0 MPH) Bruce Arvizu to second Bruce Arvizu to third
|
Batting: RHB Gary Sampson
|
0-0: Ball 1-0: Grounds into double play, 4-6-3 (Groundball, 4, EV 85.6 MPH)
|
Top of the 5th over - 0 runs, 2 hits, 0 errors, 1 left on base; Augusta 0 - Lakewood 0 |
BOTTOM OF THE 5TH |
Lakewood BlueClaws batting - Pitching for Augusta GreenJackets : RHP Eddie Rojo
|
Batting: SHB Brett St. Clair
|
0-0: Ball 1-0: Called Strike 1-1: SINGLE (Groundball, 4MD, EV 106.9 MPH)
|
Batting: RHB Mike Maserang
|
0-0: Fly out, F8 (Flyball, 8RD, EV 105.0 MPH)
|
Batting: SHB Steve DeRienzo
|
0-0: Fly out, F8 (Line Drive, 8RM, EV 99.4 MPH)
|
Batting: LHB Eric Farren
|
0-0: Ball Brett St. Clair is caught stealing 2nd base 2-6
|
Bottom of the 5th over - 0 runs, 1 hit, 0 errors, 0 left on base; Augusta 0 - Lakewood 0 |
TOP OF THE 6TH |
Augusta GreenJackets batting - Pitching for Lakewood BlueClaws : RHP Joe Morse
|
Batting: RHB Ian Richardson
|
0-0: Swinging Strike 0-1: Ball 1-1: Called Strike 1-2: SOLO HOME RUN (Flyball, 7LD, EV 96.2 MPH), Distance : 386 ft
|
Batting: RHB Leon Alders
|
0-0: Called Strike 0-1: SOLO HOME RUN (Flyball, 7D, EV 112.5 MPH), Distance : 416 ft
|
Batting: LHB Oscar Tamayo
|
0-0: Ball 1-0: SINGLE (Groundball, 34D, EV 101.2 MPH)
|
Batting: RHB Frank Pena
|
0-0: Called Strike 0-1: Fly out, F9 (Line Drive, 9S, EV 91.2 MPH)
|
Batting: LHB Sam Ogg
|
0-0: Foul Ball, location: 2F 0-1: Grounds into double play, 6-4-3 (Groundball, 6M, EV 106.9 MPH)
|
Top of the 6th over - 2 runs, 3 hits, 0 errors, 0 left on base; Augusta 2 - Lakewood 0 |
BOTTOM OF THE 6TH |
Lakewood BlueClaws batting - Pitching for Augusta GreenJackets : RHP Eddie Rojo
|
Batting: LHB Eric Farren
|
0-0: Fly out, F8 (Flyball, 8LS, EV 92.5 MPH)
|
Batting: RHB Juan Valadez
|
0-0: Called Strike 0-1: Fly out, F7 (Flyball, 7LM, EV 108.8 MPH)
|
Batting: RHB Trent Hedrick
|
0-0: Ground out 2-3 (Groundball, 15S, EV 67.5 MPH)
|
Bottom of the 6th over - 0 runs, 0 hits, 0 errors, 0 left on base; Augusta 2 - Lakewood 0 |
TOP OF THE 7TH |
Augusta GreenJackets batting - Pitching for Lakewood BlueClaws : RHP Joe Morse
|
Batting: RHB Jonathan Davis
|
0-0: Called Strike 0-1: Ground out U3 (Groundball, 34, EV 83.1 MPH)
|
Batting: LHB Bruce Arvizu
|
0-0: Called Strike 0-1: Ball 1-1: Ground out 5-3 (Groundball, 56, EV 95.6 MPH)
|
Batting: RHB Aaron Burress
|
0-0: Ball 1-0: Ball 2-0: Ball 3-0: Called Strike 3-1: Ground out 6-3 (Groundball, 6M, EV 89.4 MPH)
|
Top of the 7th over - 0 runs, 0 hits, 0 errors, 0 left on base; Augusta 2 - Lakewood 0 |
BOTTOM OF THE 7TH |
Lakewood BlueClaws batting - Pitching for Augusta GreenJackets : RHP Eddie Rojo
|
Batting: LHB Jonathan Roman
|
0-0: Foul Ball, location: 2F 0-1: DOUBLE (Flyball, 89D, EV 91.9 MPH)
|
Batting: LHB Matt Urbanek
|
0-0: Fly out, F5 (Popup, 5, EV 74.4 MPH)
|
Batting: RHB Alan Weller
|
0-0: Foul Ball, location: 2F 0-1: Ball 1-1: Ball 2-1: Fly out, F8 (Flyball, 78M, EV 90.0 MPH)
|
Batting: SHB Brett St. Clair
|
0-0: Ball 1-0: Called Strike 1-1: Ball 2-1: Ground out 3-1 (Groundball, 34, EV 78.1 MPH)
|
Bottom of the 7th over - 0 runs, 1 hit, 0 errors, 1 left on base; Augusta 2 - Lakewood 0 |
TOP OF THE 8TH |
Augusta GreenJackets batting - Pitching for Lakewood BlueClaws : RHP Joe Morse
|
Pitching: RHP Lance Brisson
|
|
Batting: RHB Gary Sampson
|
0-0: Ball 1-0: Foul Ball, location: 2F 1-1: Ground out 3-1 (Groundball, 34, EV 82.5 MPH)
|
Batting: RHB Ian Richardson
|
0-0: Foul Ball, location: 2F 0-1: Ball 1-1: Ball 2-1: Ball 3-1: Base on Balls
|
Batting: RHB Leon Alders
|
0-0: Foul Ball, location: 2F 0-1: Swinging Strike 0-2: Foul Ball, location: 2F 0-2: Ball 1-2: Ball 2-2: Foul Ball, location: 2F 2-2: Grounds into double play, 4-6-3 (Groundball, 34, EV 95.6 MPH)
|
Top of the 8th over - 0 runs, 0 hits, 0 errors, 0 left on base; Augusta 2 - Lakewood 0 |
BOTTOM OF THE 8TH |
Lakewood BlueClaws batting - Pitching for Augusta GreenJackets : RHP Eddie Rojo
|
Batting: RHB Mike Maserang
|
0-0: Swinging Strike 0-1: Called Strike 0-2: Ball 1-2: Strikes out swinging
|
Batting: SHB Steve DeRienzo
|
0-0: Called Strike 0-1: Swinging Strike 0-2: Ball 1-2: Ball 2-2: Ball 3-2: Fly out, F7 (Flyball, 78M, EV 92.5 MPH)
|
Batting: LHB Eric Farren
|
0-0: Ball 1-0: Ball 2-0: Ground out 6-3 (Groundball, 6, EV 84.4 MPH)
|
Bottom of the 8th over - 0 runs, 0 hits, 0 errors, 0 left on base; Augusta 2 - Lakewood 0 |
TOP OF THE 9TH |
Augusta GreenJackets batting - Pitching for Lakewood BlueClaws : RHP Lance Brisson
|
Pitching: RHP Ramon Mena
|
|
Batting: LHB Oscar Tamayo
|
0-0: Ball 1-0: Called Strike 1-1: Foul Ball, location: 2F 1-2: Ball 2-2: Strikes out swinging
|
Batting: RHB Frank Pena
|
0-0: Ball 1-0: Ball 2-0: Called Strike 2-1: Foul Ball, location: 2F 2-2: Foul Ball, location: 2F 2-2: Strikes out looking
|
Batting: LHB Sam Ogg
|
0-0: Ball 1-0: Called Strike 1-1: Foul Ball, location: 2F 1-2: Ball 2-2: Strikes out looking
|
Top of the 9th over - 0 runs, 0 hits, 0 errors, 0 left on base; Augusta 2 - Lakewood 0 |
BOTTOM OF THE 9TH |
Lakewood BlueClaws batting - Pitching for Augusta GreenJackets : RHP Eddie Rojo
|
Pitching: RHP Ricky Fo
|
|
Batting: RHB Juan Valadez
|
0-0: Ball 1-0: SINGLE (Flyball, 8LS, EV 86.2 MPH) - OUT at second base trying to stretch hit.
|
Pinch Hitting: LHB Josh George
|
0-0: Swinging Strike 0-1: Swinging Strike 0-2: Strikes out swinging
|
Batting: LHB Jonathan Roman
|
0-0: Called Strike 0-1: Ball 1-1: Called Strike 1-2: Ball 2-2: Strikes out swinging
|
Bottom of the 9th over - 0 runs, 1 hit, 0 errors, 0 left on base; Augusta 2 - Lakewood 0 |
|